 Dungeon Crawl Stone Soup version 0.26-a0-738-g91b530ce93 (webtiles) character file.

Game seed: 9913931800349746938

2080 Queen the Grappler (level 9, -7/83 HPs)
             Began as a Troll Monk on Nov 5, 2020.
             Was a Believer of Elyvilon.
             Mangled by Harold
             ... wielding a +2 battleaxe of electrocution
              (27 damage)
             ... on level 7 of the Dungeon.
             The game lasted 00:11:54 (10695 turns).

Queen the Grappler (Troll Monk)                    Turns: 10695, Time: 00:11:54

Health: -7/83      AC:  6    Str: 24    XL:     9   Next: 6%
Magic:  8/8        EV:  6    Int:  6    God:    Elyvilon [**....]
Gold:   244        SH:  0    Dex: 12    Spells: 8/8 levels left

rFire    . . .     SeeInvis .     - Unarmed
rCold    . . .     Faith    .   (no shield)
rNeg     . . .     Spirit   .   a - +0 robe
rPois    .         Reflect  .   (helmet restricted)
rElec    .         Harm     .   (no cloak)
rCorr    .         Rampage  .   (gloves unavailable)
MR       .....                  (boots unavailable)
Stlth    +++.......             k - amulet of regeneration
HPRegen  1.03/turn              q - ring of stealth
MPRegen  0.11/turn              (no ring)

@: held
A: large, unfitting armour, claws 3, regeneration 1, shaggy fur 1, tough skin 3
a: Lesser Healing, Heal Other, Divine Protection, Renounce Religion


You were on level 7 of the Dungeon.
You worshipped Elyvilon.
Elyvilon was pleased with you.
You visited 1 branch of the dungeon, and saw 7 of its levels.

You collected 244 gold pieces.

Inventory:

Armour
 a - a +0 robe (worn)
Jewellery
 k - an amulet of regeneration (around neck)
 q - a ring of stealth (left claw)
 u - an uncursed amulet of guardian spirit {unknown}
Wands
 x - a wand of iceblast (6)
Scrolls
 d - a scroll of enchant weapon
 f - 2 scrolls of random uselessness
 h - a scroll of remove curse
 l - 2 scrolls of teleportation
 o - 3 scrolls of magic mapping
 p - a scroll of amnesia {unknown}
 r - a scroll of fear {unknown}
 s - a scroll of noise {unknown}
 t - a scroll of fog {unknown}
 v - a scroll of vulnerability {unknown}
 w - 3 scrolls of blinking {unknown}
Potions
 b - 6 potions of heal wounds {unknown}
 c - 4 potions of curing
 e - a potion of invisibility {unknown}
 g - 2 potions of flight {unknown}
 i - a potion of mutation {unknown}
 j - 3 potions of brilliance {unknown}
 m - 2 potions of ambrosia {unknown}
 n - 2 potions of might
 z - a potion of haste {unknown}


   Skills:
 + Level 3.3 Fighting
 + Level 4.6 Dodging
 - Level 1.0 Stealth
 * Level 10.8 Unarmed Combat
 * Level 0.3 Invocations


You had 8 spell levels left.
You didn't know any spells.
Your spell library was empty.

Dungeon Overview and Level Annotations

Branches:
Dungeon (7/15)             Temple (0/1) D:7

Altars:
Cheibriados
Dithmenos
Elyvilon
Fedhas
Hepliaklqana
Nemelex Xobeh
Ru
Sif Muna
Vehumet
Xom

Annotations:
D:7 1 transporter, Harold


Innate Abilities, Weirdness & Mutations

You are too large for most types of armour.
You have claws for hands.
Your natural rate of healing is unusually fast.
You are covered in fur. (AC +1)
You have extremely tough skin. (AC +3)


Message History

Harold is moderately wounded.
You scratch Harold but do no damage. Your claw misses Harold.
Harold is moderately wounded.
Harold hits you with a +2 battleaxe of electrocution.
You claw Harold! Your claw misses Harold.
Harold is heavily wounded.
You barely miss Harold.
Harold is heavily wounded.
Harold says, "Bounty hunting has been great, but I can't wait to retire."
Harold hits you with a +2 battleaxe of electrocution!
You are electrocuted!
* * * LOW HITPOINT WARNING * * *
Harold throws a throwing net.
The throwing net hits you.
You become entangled in the net!
You see here a throwing net.
You tear a large gash into the net.
You struggle against the net.
Harold says, "Bounty hunting has been great, but I can't wait to retire."
Harold hits you with a +2 battleaxe of electrocution!!
You die...

≈≈≈≈≈≈.##..............
# ##≈≈.##..............
#. #≈≈..#.........###'#
##.8#≈≈........... #....
..gg#≈≈.##....######....
#.###≈≈.##....#.........
#.#..≈≈..###+##.........
#.##.≈≈...#.........>...
#gg#.≈≈@..#.............
#.##.≈≈@..#..###'###....
# #..≈≈.).+ #.########
+g#©.≈≈...# #.........
#g#..≈≈..## #.#...#...
#.##.≈≈..# ##.........
g#.≈≈..# #..#)..#...
.##.≈≈..# #...))..... #
..≈≈..# #..########


You could see Harold, a gnoll sergeant, a gnoll shaman and 4 gnolls.

Vanquished Creatures
  Prince Ribbit (D:7)
  Menkaure (D:7)
  A water moccasin (D:6)
  A sky beast (D:5)
  2 phantoms
  A black bear (D:6)
  2 centaurs
  4 ogres
  A big kobold (D:7)
  2 centaur zombies
  An orc priest (D:7)
  4 hounds
  Jessica (D:2)
  Natasha (thrice) (D:2)
  Terence (D:2)
  3 orc wizards
  3 worker ants
  A hound zombie (D:5)
  4 gnolls (D:6)
  9 adders
  A shadow imp (D:5)
  4 white imps
  An ooze (D:2)
  3 worms (D:3)
  2 dart slugs
  2 leopard geckos (D:6)
  10 orcs
  3 ball pythons
  11 bats
  6 giant cockroaches
  2 goblins (D:1)
  3 hobgoblins
  8 jackals
  10 kobolds
  2 quokkas
  A ball python skeleton (D:5)
  A frilled lizard (D:3)
  4 rats
120 creatures vanquished.

Notes
Turn   | Place    | Note
-------+----------+-------------------------------------------
     0 | D:1      | Queen the Troll Monk began the quest for the Orb.
     0 | D:1      | Reached XP level 1. HP: 22/22 MP: 0/0
    12 | D:1      | You fall into a shaft and drop 1 floor!
    12 | D:2      | Noticed Terence
    12 | D:2      | Noticed Jessica
    33 | D:2      | Found a sacrificial altar of Ru.
    66 | D:2      | Killed Terence
    66 | D:2      | Reached XP level 2. HP: 29/29 MP: 1/1
    66 | D:2      | Reached XP level 3. HP: 36/36 MP: 2/2
    69 | D:2      | Killed Jessica
    69 | D:2      | Reached skill level 4 in Unarmed Combat
   124 | D:2      | Reached XP level 4. HP: 44/44 MP: 3/3
   523 | D:2      | Noticed Natasha
   538 | D:2      | HP: 2/44 [Natasha (7)]
   539 | D:2      | Killed Natasha
   566 | D:2      | Noticed Natasha
  1189 | D:2      | Killed Natasha
  1189 | D:2      | Reached XP level 5. HP: 41/53 MP: 4/4
  1683 | D:2      | Noticed Natasha
  1688 | D:2      | Killed Natasha
  1688 | D:2      | Reached skill level 5 in Unarmed Combat
  1761 | D:3      | Found a shimmering altar of Xom.
  1805 | D:3      | Found a shimmering altar of Xom.
  1806 | D:3      | Found a shimmering altar of Xom.
  1806 | D:3      | Found a shimmering altar of Xom.
  1809 | D:3      | Found a shimmering altar of Xom.
  2082 | D:3      | Found a hazy altar of Hepliaklqana.
  2137 | D:3      | Noticed a centaur
  2144 | D:3      | Killed a centaur
  2144 | D:3      | Reached XP level 6. HP: 44/61 MP: 5/5
  2472 | D:3      | Found a white marble altar of Elyvilon.
  2724 | D:4      | Found a radiant altar of Vehumet.
  8338 | D:3      | Reached skill level 6 in Unarmed Combat
  8456 | D:4      | Found a blossoming altar of Fedhas.
  8657 | D:5      | Entered Level 5 of the Dungeon
  8751 | D:5      | Found a shimmering blue altar of Sif Muna.
  8772 | D:5      | Reached skill level 7 in Unarmed Combat
  8772 | D:5      | Reached XP level 7. HP: 67/67 MP: 6/6
  9043 | D:5      | Reached skill level 8 in Unarmed Combat
  9274 | D:6      | Reached XP level 8. HP: 63/75 MP: 7/7
  9549 | D:6      | Reached skill level 9 in Unarmed Combat
  9596 | D:6      | Found a shimmering altar of Xom.
  9597 | D:6      | Found a shadowy altar of Dithmenos.
  9877 | D:3      | Became a worshipper of Elyvilon the Healer
  9877 | D:3      | Reached * piety under Elyvilon
  9877 | D:3      | Reached ** piety under Elyvilon
 10335 | D:7      | Noticed Prince Ribbit
 10340 | D:7      | Killed Prince Ribbit
 10340 | D:7      | Reached skill level 10 in Unarmed Combat
 10380 | D:7      | Noticed Menkaure
 10394 | D:7      | Killed Menkaure
 10457 | D:7      | Found a staircase to the Ecumenical Temple.
 10509 | D:7      | Found a snail-covered altar of Cheibriados.
 10514 | D:7      | Reached XP level 9. HP: 83/83 MP: 8/8
 10640 | D:7      | Found a sparkling altar of Nemelex Xobeh.
 10672 | D:7      | Found a transporter.
 10676 | D:7      | Noticed Harold
 10695 | D:7      | Mangled by Harold

Illustrated notes

Levels and vault maps discovered:
D:1:      scummos_arrival_hexagon, layout_basic
D:2:      layout_loops_ring, lemuel_doored_altar, uniq_natasha, uniq_terence,
          uniq_jessica
D:3:      layout_loops_corners, nicolae_overflow_hidden_temple,
          lemuel_crystal_altar, xom_redecorated
D:4:      layout_layer_cave, kennysheep_mini, marbit_many_paths
D:5:      layout_basic, led_sif_pool
D:6:      layout_loops_corners, grunt_temple_overflow_open
D:7:      layout_gridville, cheibriados_altar_1, lemuel_coloured_pillars_altar,
          lemuel_round_altar, temple_pool_b, gammafunk_ghost_gnarly_gnolls,
          uniq_menkaure, uniq_harold, uniq_prince_ribbit1

Skill      XL: |  1  2  3  4  5  6  7  8 |
---------------+-------------------------+-----
Unarmed Combat | 4 5 7 8 10 | 10.8
Dodging        | 3 4 |  4.6
Fighting       | 3 |  3.3
Stealth        | |  1.0
Invocations    | |  0.3

Action                   |  1- 3 |  4- 6 |  7- 9 || total
-------------------------+-------+-------+-------++-------
Melee: Unarmed           |    28 |   164 |   163 ||   355
       Punch             |       |     5 |     7 ||    12
Invok: Lesser Healing    |       |       |     1 ||     1
  Use: Scroll            |       |     5 |       ||     5
 Stab: Sleeping          |       |     7 |    11 ||    18
Armor: Robe              |    11 |    69 |    45 ||   125
Dodge: Dodged            |    17 |    80 |    77 ||   174

Table legend: (Time is in decaauts)
 A = Elapsed time spent in this place.
 B = Non-inter-level travel time spent in this place.
 C = Inter-level travel time spent in this place.
 D = Time resting spent in this place.
 E = Time spent auto-exploring this place.
 F = Levels seen in this place.
 G = Mean time per level.
                   A        B        C        D        E       F      G
               +--------+--------+--------+--------+--------+-----+--------+
         Total |  10686 |  10187 |    499 |   5311 |   3829 |   7 | 1526.6 |
       Dungeon |  10686 |  10187 |    499 |   5311 |   3829 |   7 | 1526.6 |
               +--------+--------+--------+--------+--------+-----+--------+

Top non-repeatable levels by time:
     D:4: 6150 daAuts
     D:2: 1264 daAuts
     D:3: 922 daAuts
     D:6: 844 daAuts
     D:5: 623 daAuts
     D:1: 457 daAuts
     D:7: 423 daAuts
